 Dungeon Crawl Stone Soup version 0.29-a0-344-ge2f44be95a (webtiles) character file.

Game seed: 1450950038153131384

1348 zeratav the Arsonist (level 8, -2/46 HPs)
             Began as an Octopode Conjurer on Apr 21, 2022.
             Was an Initiate of Vehumet.
             Killed from afar by Harold (21 damage)
             ... with a harpoon shot
             ... on level 9 of the Dungeon.
             The game lasted 00:19:40 (7224 turns).

zeratav the Arsonist (Octopode Conjurer)            Turns: 7224, Time: 00:19:41

Health: -2/46      AC:  1    Str:  6    XL:     8   Next: 62%
Magic:  12/12      EV: 13    Int: 18    God:    Vehumet [......]
Gold:   313        SH:  0    Dex: 16    Spells: 9/12 levels left

rFire   + . .      SeeInvis .   w - +10 hunting sling of Nunluomy {venom, *Slow rPois rC+++ Int-5, sling}
rCold   + + +      Faith    .   (no shield)
rNeg    + . .      Spirit   .   (helmet restricted)
rPois   +          Reflect  .   (no amulet)
rElec   .          Harm     .   i - +6 ring of dexterity
rCorr   .          Rampage  .   q - ring of protection from cold
Will    .....                   z - ring of protection from fire
Stlth   +++.......              s - ring of positive energy
HPRegen 0.15/turn               (no ring)
MPRegen 0.13/turn               (no ring)
                                (no ring)
                                (no ring)

@: hasted, very quick
A: almost no armour, amphibious, 8 rings, camouflage 1, gelatinous body 1,
(nimble swimmer 1), tentacles
a: Renounce Religion


You were on level 9 of the Dungeon.
You worshipped Vehumet.
Vehumet was noncommittal.
You visited 2 branches of the dungeon, and saw 8 of its levels.

You collected 313 gold pieces.


Innate Abilities, Weirdness & Mutations

You cannot wear most types of armour.
You are amphibious.
You can wear up to eight rings at the same time.
Your skin changes colour to match your surroundings (Stealth+).
Your rubbery body absorbs attacks. (AC +1, EV +1)
((You are camouflaged when in or above water. (Stealth+)))
You have tentacles for arms and can constrict up to eight enemies at once.


   Skills:
 - Level 2.0 Dodging
 - Level 2.6 Stealth
 - Level 2.7 Spellcasting
 - Level 5.0 Conjurations
 - Level 0.7 Translocations
 + Level 9.4 Fire Magic


You had 9 spell levels left.
You knew the following spells:

 Your Spells              Type           Power      Damage    Failure   Level
a - Magic Dart            Conj           80%        1d7       2%          1
b - Searing Ray           Conj           40%        2d5       3%          2

Your spell library contained the following spells:

 Spells                   Type           Power      Damage    Failure   Level
 Summon Small Mammal      Summ           8%         N/A       17%         1
 Dazzling Flash           Conj/Hex       22%        N/A       19%         3
 Fireball                 Conj/Fire      14%        3d8       24%         5
 Corpse Rot               Necr/Air       4%         N/A       26%         2
 Poisonous Vapours        Pois/Air       4%         N/A       26%         2
 Portal Projectile        Hex/Tloc       6%         N/A       41%         3
 Swiftness                Air            2%         N/A       45%         3
 Iskenderun's Mystic Bla  Conj/Tloc      12%        2d5       45%         4
 Fulminant Prism          Conj/Hex       5%         3d7       52%         4
 Starburst                Conj/Fire      14%        6d6       78%         6
 Agony                    Necr           2%         N/A       99%         5
 Blade Hands              Tmut           1%         N/A       99%         5
 Excruciating Wounds      Necr           1%         N/A       99%         5
 Silence                  Hex/Air        1%         N/A       99%         5
 Ignition                 Fire           18%        3d7       100%        8
 Chain Lightning          Conj/Air       5%         3d7       100%        9

Inventory:

Hand Weapons
 v - a +2 falchion of freezing {long}
   (You took it off an orc on level 3 of the Dungeon)
 w - the +10 hunting sling of Nunluomy (weapon) {venom, *Slow rPois rC+++ Int-5, sling}
   (You found it on level 4 of the Dungeon)

   Any ammunition fired from it poisons the flesh of those it strikes.
   Int:       It affects your intelligence (-5).
   rC:        It renders you almost immune to cold.
   rPois:     It protects you from poison.
   *Slow:     It may slow you when you take damage.
Armour
 b - a +0 buckler
   (You found it on level 3 of the Dungeon)
Jewellery
 i - a +6 ring of dexterity (left tentacle)
   (You found it on level 1 of the Dungeon)
 q - a ring of protection from cold (right tentacle)
   (You found it on level 2 of the Dungeon)
 s - a ring of positive energy (on tentacle)
   (You found it on level 6 of the Dungeon)
 z - a ring of protection from fire (on tentacle)
   (You found it on level 6 of the Dungeon)
Wands
 A - a wand of digging (5)
   (You found it on level 6 of the Dungeon)
 C - a wand of iceblast (13)
   (You found it on level 6 of the Dungeon)
Scrolls
 c - 4 scrolls of teleportation {@r4}
 f - 4 scrolls of enchant armour
 n - a scroll of amnesia
 r - 2 scrolls of fog
 x - 2 scrolls of fear
 y - a scroll of vulnerability {unknown}
Potions
 a - 2 potions of magic
 d - 2 potions of berserk rage {unknown}
 e - 3 potions of haste {@q3}
 g - a potion of lignification {unknown}
 h - 4 potions of degeneration {unknown}
 j - a potion of invisibility {unknown}
 k - a potion of attraction {unknown}
 l - a potion of flight {unknown}
 o - a potion of might {unknown}
 p - 2 potions of cancellation {unknown}
 t - 5 potions of curing {unknown}
 u - 2 potions of heal wounds {unknown}
 B - a potion of brilliance {unknown}

Dungeon Overview and Level Annotations

Branches:
Dungeon (6/15)             Temple (1/1) D:6             Orc (0/2) D:9

Altars:
Ashenzari
Fedhas
Gozag
Hepliaklqana
Kikubaaqudgha
Makhleb
Okawaru
Qazlal
Sif Muna
Trog
Vehumet
Wu Jian
Xom
The Shining One

Shops:
D:4 *   D:5 *

Annotations:
D:9 Harold

,,*,,,,***,*....**..#
,,,*,*,,,,,*,...##..#
,,*,*,*,,,,*,#......*
,,,*,*,,,***,#.....,*
,,*,,,,***,,,#....#,*
,,,,,***,,,,,#....#,#
,,,***,,,,,,,#....#.#
,,**,,,,,,,,,#.....>#
**,,,,**,,,,,#..@...#
,,,*****,,,,,#..###.#
,,,*****,,,,,#..#**.#
,,*,,,**,,,,,#@.....#
*,+,,,*******#......#
,,*,,,*,,,,,,..#....#
,,*,,,*,,,,,...#....#
***,,,*,***,........#
,,,,,,*,,,,.........#


You could see Harold.


Message History

You kill the shadow imp!
Vehumet accepts your kill.
An ufetubus comes into view.
You shoot a sling bullet.
The sling bullet closely misses the ufetubus.
You shoot a sling bullet. The sling bullet hits the ufetubus.
The ufetubus misses you. The ufetubus hits you.
HP[-3]
You take 3 damage, and now have 43/46 hp.
You shoot a sling bullet.
The sling bullet barely misses the ufetubus.
The ufetubus barely misses you. x2; The ufetubus hits you.
The ufetubus closely misses you.
HP[-3]
You take 3 damage, and now have 40/46 hp.
You shoot a sling bullet. The sling bullet misses the ufetubus.
The ufetubus completely misses you. The ufetubus misses you. x2
The ufetubus hits you. x3
HP[-7]
You take 7 damage, and now have 33/46 hp.
You are too injured to fight recklessly!
You are too injured to fight recklessly!
Casting: Searing Ray (safe; 3% risk of failure)
Confirm with . or Enter, or press ? or * to list all spells.
Okay, then.
Fire: w) +10 hunting sling of Nunluomy {venom, *Slow rPois rC+++ Int-5, sling}
Press: ? - help, Q - select action, (/) - cycle Shift-Dir - straight line, f/p - ufetubus
Aim: an ufetubus (heavily wounded, 54% to hit)
You shoot a sling bullet. The sling bullet hits the ufetubus.
You kill the ufetubus!
Vehumet accepts your kill.
HP[+1]
You start resting.
HP[+12]
Your hp is fully restored (46).
You see here a +1 spear of venom {polearm}.
An ufetubus comes into view.
You shoot a sling bullet. The sling bullet hits the ufetubus!
You kill the ufetubus!
Vehumet accepts your kill.
You see here 3 large rocks {=fthrowing}.
Found 14 stones.
Found a stone staircase leading up.
You now have 288 gold pieces (gained 14).
Found a stone staircase leading up.
z - a ring of protection from fire
f - 4 scrolls of enchant armour (gained 1)
Found a stone staircase leading down.
Found a stone staircase leading down.
A - a wand of digging (5)
B - a puce potion
There is a stone staircase leading down here.
C - a wand of iceblast (13)
A steam dragon comes into view.
You see here 9 gold pieces.
You shoot a sling bullet. The sling bullet hits the steam dragon!
The steam dragon looks as sick as possible!
The steam dragon hisses angrily.
You shoot a sling bullet.
The sling bullet barely misses the steam dragon.
You shoot a sling bullet. The sling bullet hits the steam dragon!
You kill the steam dragon!
Vehumet accepts your kill.
z - a ring of protection from fire (on tentacle)
s - a ring of positive energy (on tentacle)
You now have 297 gold pieces (gained 9).
Found a burning altar of Makhleb.
h - 4 bubbling dark potions (gained 1)
There is a dry fountain here.
There is a fountain of clear blue water here.
You now have 313 gold pieces (gained 16).
A sourceless malevolence fills the Dungeon...
You fall into a shaft and drop 3 floors!
The shaft crumbles and collapses.
Harold the Weathered comes into view.
He is wielding a +0 mace.
Harold shouts!
Found a stone staircase leading down.
Really read
m - a scroll of magic mapping {!r}?
As you read the scroll of magic mapping {!r}, it crumbles to dust.
You feel aware of your surroundings.
You sensed 3 altars, and 3 shops/portals.
Harold fires a harpoon shot at you. The harpoon shot misses you.
Harold throws a throwing net.
The throwing net hits you.
You become entangled in the net!
You see here a throwing net {=fthrowing}.
You struggle against the net.
You tear a large gash into the net.
Harold fires a harpoon shot at you. The harpoon shot hits you!!
You are yanked forward by the harpoon shot.
HP[-20]
You take 20 damage, and now have 26/46 hp.
MASSIVE DAMAGE!! (PAUSE)
You feel yourself speed up. Harold hits you with a +0 mace!
* * * LOW HITPOINT WARNING * * *
HP[-8]
You take 8 damage, and now have 18/46 hp.
Harold fires a harpoon shot at you. The harpoon shot hits you!!
You die...

Skill      XL: |  1  2  3  4  5  6  7  8 |
---------------+-------------------------+-----
Fire Magic     | 1 2 4 5 7 9 |  9.4
Conjurations   | 5 |  5.0
Dodging        | |  2.0
Stealth        | |  2.6
Spellcasting   | |  2.7
Translocations | |  0.7

Action                   |  1- 3 |  4- 6 |  7- 9 || total
-------------------------+-------+-------+-------++-------
Melee: Unarmed           |     4 |       |       ||     4
       Constrict         |     3 |     4 |       ||     7
       Tentacles         |     1 |     1 |       ||     2
       Great sword       |     3 |       |       ||     3
       Dagger            |     2 |    10 |       ||    12
       Falchion          |       |     4 |       ||     4
 Fire: Hunting sling     |       |    12 |    99 ||   111
 Cast: Magic Dart        |    53 |    69 |       ||   122
       Searing Ray       |     2 |     9 |     1 ||    12
  Use: Scroll            |       |     4 |     6 ||    10
       Potion            |       |       |     1 ||     1
 Stab: Distracted        |       |     1 |       ||     1
Armor: Skin              |     3 |     2 |     3 ||     8
Dodge: Dodged            |     7 |    15 |    20 ||    42

Levels and vault maps discovered:
D:1:      minmay_arrival_three_doors, layout_loops_corners
D:2:      cheibrodos_helix_gallery, layout_basic,
          nicolae_ecumenical_lake_church, kennysheep_nub
D:3:      layout_loops_corners, grunt_ministairs_9, minmay_misc_feat_rows,
          kennysheep_generic_room_9
D:4:      layout_cave_pools, serial_shops, shop_statue, uniq_duvessa
D:5:      layout_gridville, okawaru_trees_2, guppyfry_shop_venom
D:6:      layout_rooms, mainiacjoe_overflow_cross_hatched,
          mainiacjoe_overflow_brackets, minmay_temple_entry_junction_2
D:9:      minmay_the_grid_triangle_9x9_rhombus_thin_mashed
          [minmay_the_grid_triangle_9x9_limited_checkers,
          minmay_the_grid_triangle_9x9_prize_schism,
          minmay_the_grid_triangle_9x9_wacky_v,
          minmay_the_grid_triangle_9x9_dagger], layout_stronghold,
          gammafunk_temple_overflow_wave, mainiacjoe_overflow_small_starburst,
          serial_shops, nicolae_shop_crystal, nicolae_take_the_stairs,
          nicolae_shop_behind_doors, uniq_maggie, uniq_harold
Temple:   minmay_temple_bridge_abc

Notes
Turn   | Place    | Note
-------+----------+-------------------------------------------
     0 | D:1      | zeratav the Octopode Conjurer began the quest for the Orb.
     0 | D:1      | Reached XP level 1. HP: 11/11 MP: 3/3
     0 | D:1      | magus.rc [v1.9.6]
   164 | D:1      | Reached XP level 2. HP: 13/17 MP: 0/5
   484 | D:1      | You pick up a book of Fire and begin reading...
   484 | D:1      | You add the spells Fireball, Starburst and Ignition to your
                  | library.
   491 | D:1      | Learned a level 2 spell: Searing Ray
   895 | D:1      | Reached XP level 3. HP: 21/21 MP: 2/6
  1091 | D:1      | Reached skill level 1 in Fire Magic
  1158 | D:1      | You pick up a book of Weapons and begin reading...
  1158 | D:1      | You add the spells Portal Projectile, Excruciating Wounds
                  | and Blade Hands to your library.
  1541 | D:2      | Reached XP level 4. HP: 27/27 MP: 0/7
  1799 | D:2      | Reached skill level 2 in Fire Magic
  1939 | D:2      | Found a faded altar of an unknown god.
  2072 | D:2      | Reached skill level 5 in Conjurations
  2187 | D:2      | Reached XP level 5. HP: 31/31 MP: 6/9
  2828 | D:3      | Reached skill level 3 in Fire Magic
  3103 | D:3      | You pick up a book of the Senses and begin reading...
  3103 | D:3      | You add the spells Agony and Silence to your library.
  4132 | D:3      | Reached skill level 4 in Fire Magic
  4132 | D:3      | Reached XP level 6. HP: 12/36 MP: 4/10
  4363 | D:4      | Identified the +10 hunting sling of Nunluomy {venom, *Slow
                  | rPois rC+++ Int-5}
  4417 | D:4      | Reached skill level 5 in Fire Magic
  4466 | D:4      | Noticed a black bear
  4477 | D:4      | Killed a black bear
  4478 | D:4      | Reached XP level 7. HP: 41/41 MP: 11/11
  4757 | D:4      | Reached skill level 6 in Fire Magic
  4778 | D:4      | Noticed Dowan
  4781 | D:4      | Noticed Duvessa
  5140 | D:4      | You add the spells Summon Small Mammal, Corpse Rot,
                  | Poisonous Vapours, Swiftness and Chain Lightning to your
                  | library.
  5140 | D:4      | Got the Guide on the Floating Entourage
  5152 | D:4      | Found Ricliss's General Store.
  5198 | D:4      | Killed Duvessa
  5208 | D:4      | Killed Dowan
  5209 | D:4      | Reached skill level 7 in Fire Magic
  5731 | D:5      | Entered Level 5 of the Dungeon
  5990 | D:5      | Found an iron altar of Okawaru.
  5995 | D:5      | Reached XP level 8. HP: 46/46 MP: 12/12
  6111 | D:5      | Reached skill level 8 in Fire Magic
  6480 | D:5      | Found Hiasemann's Serpentskin Sales.
  6654 | D:6      | Found a staircase to the Ecumenical Temple.
  6684 | D:6      | Reached skill level 9 in Fire Magic
  6691 | Temple   | Entered the Ecumenical Temple
  6852 | Temple   | Became a worshipper of Vehumet
  7095 | D:6      | Found a burning altar of Makhleb.
  7216 | D:6      | You fall into a shaft and drop 3 floors!
  7216 | D:9      | Noticed Harold
  7224 | D:9      | Killed from afar by Harold

Vanquished Creatures
  A steam dragon (D:6)
  Duvessa (D:4)
  An ice beast (D:5)
  2 black bears
  An ogre (D:4)
  A phantom (D:5)
  Dowan (D:4)
  4 hounds
  An orc priest (D:3)
  A jelly (D:6)
  An orc wizard (D:5)
  3 iguanas
  18 adders
  4 gnolls (D:4)
  A shadow imp (D:6)
  2 white imps
  3 ufetubi
  2 worms
  2 dart slugs
  12 orcs
  9 bats
  7 endoplasms
  5 giant cockroaches
  3 goblins
  4 hobgoblins
  8 jackals
  A quokka (D:5)
  10 ball pythons
  5 frilled lizards
  10 kobolds
  3 rats
127 creatures vanquished.

Table legend:
 A = Non-vault XP
 B = Vault XP
 C = Vault XP percentage of total XP
 D = Non-vault monster count
 E = Vault monster count
 F = Vault count percentage of total count
                 A         B        C        D         E       F
            +---------+---------+-------+---------+---------+-------
      Total |    1678 |     248 |  12.9 |     119 |       8 |   6.3
            +---------+---------+-------+---------+---------+-------
        D:1 |      41 |       0 |   0.0 |      23 |       0 |   0.0
        D:2 |     112 |      15 |  11.8 |      26 |       2 |   7.1
        D:3 |     158 |       3 |   1.9 |      28 |       2 |   6.7
        D:4 |     495 |     216 |  30.4 |      22 |       2 |   8.3
        D:5 |     477 |      14 |   2.9 |      12 |       2 |  14.3
        D:6 |     395 |       0 |   0.0 |       8 |       0 |   0.0
            +---------+---------+-------+---------+---------+-------

Illustrated notes

Table legend:
 A = Kills in this place as a percentage of kills in entire the game.
 B = Kills by you in this place as a percentage of kills by you in the entire game.
 C = Kills by friends in this place as a percentage of kills by friends in the entire game.
 D = Other kills in this place as a percentage of other kills in the entire game.
 E = Experience gained in this place as a percentage of experience gained in the entire game.
 F = Experience gained in this place divided by the number of levels of this place that you have seen.
                   A       B       C       D       E      F
               +-------+-------+-------+-------+-------+----------------------
         Total | 100.0 | 100.0 |   N/A |   N/A | 100.0 | 240.8
       Dungeon | 100.0 | 100.0 |   N/A |   N/A | 100.0 | 275.1
               +-------+-------+-------+-------+-------+----------------------

Table legend: (Time is in decaauts)
 A = Elapsed time spent in this place.
 B = Non-inter-level travel time spent in this place.
 C = Inter-level travel time spent in this place.
 D = Time resting spent in this place.
 E = Time spent auto-exploring this place.
 F = Levels seen in this place.
 G = Mean time per level.
                   A        B        C        D        E       F      G
               +--------+--------+--------+--------+--------+-----+--------+
         Total |   7278 |   6887 |    391 |   1414 |   4080 |   8 |  909.8 |
       Dungeon |   7097 |   6735 |    362 |   1414 |   3938 |   7 | 1013.9 |
        Temple |    181 |    152 |     29 |      0 |    142 |   1 |  181.0 |
               +--------+--------+--------+--------+--------+-----+--------+

Top non-repeatable levels by time:
     D:3: 2420 daAuts
     D:1: 1232 daAuts
     D:2: 1215 daAuts
     D:4: 983 daAuts
     D:5: 833 daAuts
     D:6: 404 daAuts
  Temple: 181 daAuts
     D:9: 7 daAuts
